AoeStats
← Her0

Lombardia

508186581Analyzed
2v2 RM · 12d ago on Sep 21, 2026· 43m 7s· 4 players
Game mode
Random Map
Map size
Medium (4 player)
Population
200
Speed
Normal
Resources
Standard
Victory
Conquest
Starting age
Dark Age
Ending age
Imperial Age
RankedLock teamsTeams togetherTeam positionsShared explorationLock speedFull tech treeHidden civsTurbo modeCheats
Victory
Defeat
🇪🇸 Wei · Spain
1190
+13
🇪🇸 Britons · Spain
1023
+19
🇦🇺 Burmese · Australia
1112
-16
🇪🇸 Aztecs · Spain
1101
-16
LokillO!
10:00 Loom
12:16 Feudal Age
13:37 Arson
16:12 Wheelbarrow
19:35 Castle Age
17:47 Horse Collar
21:02 Squires
21:38 Town Watch
22:28 Fervor
23:13 Sanctity
23:06 Eagle Warrior
23:48 Scale Mail Armor
25:03 Double-Bit Axe
26:01 Heavy Plow
26:22 Forging
28:48 Hand Cart
28:25 Gold Mining
28:26 Stone Mining
29:11 Chain Mail Armor
29:31 Iron Casting
30:17 Town Patrol
35:06 Imperial Age
32:42 Fletching
34:33 Stone Shaft Mining
34:33 Gold Shaft Mining
34:09 Bow Saw
35:11 Capped Ram
35:53 Bodkin Arrow
39:04 Garland Wars
39:57 Chemistry
38:39 Treadmill Crane
39:45 Conscription
41:00 Plate Mail Armor
40:31 Pikeman
teovilo
11:01 Feudal Age
15:35 Castle Age
13:27 Horse Collar
14:31 Gold Mining
16:23 Loom
19:53 Wheelbarrow
22:18 Husbandry
23:00 Town Watch
24:31 Fervor
24:18 Fletching
25:02 Sanctity
27:28 Heavy Plow
27:49 Hand Cart
31:57 Imperial Age
30:33 Stone Mining
31:53 Gold Shaft Mining
32:58 Block Printing
32:35 Elite Battle Elephant
33:47 Scale Barding Armor
33:54 Forging
35:08 Bloodlines
35:19 Chain Barding Armor
36:01 Theocracy
36:31 Bodkin Arrow
36:23 Treadmill Crane
37:26 Murder Holes
40:24 Iron Casting
40:07 Capped Ram
Her0
6:25 Loom
9:25 Feudal Age
17:22 Castle Age
15:44 Double-Bit Axe
16:26 Gold Mining
16:57 Man-at-Arms
19:26 Fletching
19:19 Crossbowman
19:49 Horse Collar
20:24 Bow Saw
23:58 Bodkin Arrow
26:42 Padded Archer Armor
30:26 Wheelbarrow
30:31 Ballistics
35:52 Imperial Age
33:43 Hand Cart
33:18 Town Watch
36:19 Leather Archer Armor
35:56 Arbalester
38:10 Bracer
38:43 Ring Archer Armor
39:41 Chemistry
42:37 Siege Engineers
42:14 Treadmill Crane
42:28 Stone Mining
43:15 Gold Shaft Mining
42:25 Capped Ram
Riven
9:15 Loom
11:01 Feudal Age
15:40 Castle Age
14:17 Double-Bit Axe
14:34 Horse Collar
20:10 Gold Mining
23:26 Bow Saw
27:48 Wheelbarrow
30:31 Hand Cart
30:26 Scale Barding Armor
30:32 Forging
30:51 Bloodlines
30:59 Fletching
33:10 Chain Barding Armor
34:01 Iron Casting
33:30 Husbandry
34:29 Light Cavalry
36:37 Padded Archer Armor
40:53 Imperial Age
38:52 Town Watch
42:13 Heavy Hei Guang Cavalry
43:21 Stone Mining
44:07 Gold Shaft Mining
Connection lost

Rejoining the realm…

Still unreachable

The connection could not be restored.

Session expired

The server has moved on; the page needs a fresh start.